 Dungeon Crawl Stone Soup version 0.29-a0-553-g81b289dbe5 (webtiles) character file.

Game seed: 16989335450127372440

114 CryoSword the Chopper (level 4, -1/38 HPs)
             Began as a Ghoul Fighter on June 6, 2022.
             Slain by Sigmund
             ... wielding a +0 scythe of flaming
              (5 damage)
             ... on level 2 of the Dungeon.
             The game lasted 00:01:16 (1467 turns).

CryoSword the Chopper (Ghoul Fighter)               Turns: 1467, Time: 00:01:16

Health: -1/38      AC:  6    Str: 19    XL:     4   Next: 98%
Magic:  3/3        EV:  9    Int:  3    God:
Gold:   50         SH:  4    Dex: 10    Spells: 3/3 levels left

rFire   . . .      SeeInvis .   a - +0 war axe
rCold   + . .      Faith    .   c - +0 buckler
rNeg    + + +      Spirit   .   b - +0 scale mail
rPois   ∞          Reflect  .   (no helmet)
rElec   .          Harm     .   (no cloak)
rCorr   +          Rampage  .   (no gloves)
Will    .....                   (no boots)
Stlth   ..........              (no amulet)
HPRegen 0.00/turn               e - ring of resist corrosion
MPRegen 0.08/turn               (no ring)

@: mighty, inhibited regen
A: claws 1, cold resistance 1, negative energy resistance 3, inhibited
regeneration, torment resistance 2, devour on kill
a: no special abilities


You were on level 2 of the Dungeon.
You visited 1 branch of the dungeon, and saw 2 of its levels.

You collected 50 gold pieces.

Inventory:

Hand Weapons
 a - a +0 war axe (weapon)
Armour
 b - a +0 scale mail (worn)
 c - a +0 buckler (worn)
 m - a +0 helmet
   (You found it on level 2 of the Dungeon)
Jewellery
 e - a ring of resist corrosion (left claw)
   (You found it on level 1 of the Dungeon)
 h - an amulet of magic regeneration
   (You found it on level 1 of the Dungeon)
Scrolls
 f - 6 scrolls of teleportation {@r4}
 j - a scroll of identify {unknown}
 k - a scroll of magic mapping {unknown}
 l - a scroll of vulnerability {unknown}
Potions
 g - 3 potions of mutation {unknown}
 i - a potion of heal wounds {unknown}


   Skills:
 - Level 3.2 Fighting
 + Level 4.5 Axes
 - Level 2.6 Armour
 - Level 2.6 Shields


You had 3 spell levels left.
You didn't know any spells.
Your spell library was empty.

Dungeon Overview and Level Annotations

Branches:
Dungeon (2/15)

Altars:

Annotations:
D:2 Sigmund


Innate Abilities, Weirdness & Mutations

You are immune to poison.
You have sharp fingernails.
Your flesh is cold resistant. (rC+)
You are immune to negative energy. (rN+++)
You do not regenerate when monsters are visible.
You are immune to unholy pain and torment.
You thrive by killing the living.


Message History

There are monsters nearby!
The frilled lizard hisses angrily.
The bat closely misses you.
You hit the bat. The bat hits you but does no damage.
A bat comes into view.
You block the bat's attack. The kobold barely misses you.
You slash the kobold!
You kill the kobold!
A bat comes into view.
You block the bat's attack. The bat barely misses you.
The bat moves out of view.
You barely miss the bat. You barely miss the frilled lizard.
The bat hits you but does no damage. The frilled lizard closely misses you.
The bat hits you.
You miss the bat. You closely miss the frilled lizard.
The bat barely misses you. The frilled lizard bites you.
The frilled lizard bites you but does no damage.
You closely miss the frilled lizard. You block the bat's attack.
The frilled lizard bites you.
You miss the frilled lizard. The bat hits you but does no damage. x2
The frilled lizard bites you but does no damage.
The bat completely misses you.
You hit the bat. You hit the frilled lizard.
You kill the frilled lizard!
The bat closely misses you. The bat hits you but does no damage. x2
You block the bat's attack.
You barely miss the bat. The bat hits you. The bat barely misses you.
The bat hits you but does no damage.
You closely miss the bat. The bat barely misses you.
The bat closely misses you. The bat hits you but does no damage.
The bat closely misses you. The bat hits you but does no damage.
You hit the bat.
You kill the bat!
The bat barely misses you. The bat closely misses you.
You see here a frilled lizard corpse.
The bat hits you. The bat closely misses you.
You closely miss the bat. The bat hits you but does no damage.
The bat barely misses you. The bat hits you.
You barely miss the bat. The bat hits you but does no damage. x2
You closely miss the bat. The bat hits you. The bat misses you.
You hit the bat.
You kill the bat!
You feel better. The bat closely misses you. The bat hits you.
The bat hits you but does no damage. The bat hits you but does no damage.
You slash the bat!
You kill the bat!
No target in view!
No target in view!
No target in view!
No target in view!
No target in view!
A ball python comes into view.
The ball python moves out of view.
You see here a frilled lizard corpse.
Things that are here:
a +0 dagger; a kobold corpse A ball python is nearby!
A ball python is nearby!
A ball python is nearby!
The ball python hisses angrily.
No target in view!
The ball python bites you. The ball python grabs you.
The ball python constricts you.
You see here a bat corpse.
You slash the ball python!
You kill the ball python!
You feel better.
No target in view!
Found 2 silver javelins.
Found a stone staircase leading up.
l - a scroll labelled TOEBUTIDUMP You now have 50 gold pieces (gained 8).
m - a +0 helmet
f - 6 scrolls of teleportation {@r4} (gained 1) 3 gnolls come into view.
The gnoll shouts! x2
There are monsters nearby!
There are monsters nearby!
There are monsters nearby!
A gnoll comes into view. It is wielding a +0 whip.
The gnoll hits you with a +0 club.
You slash the gnoll!
You kill the gnoll!
You feel better.
You slash the gnoll!
You kill the gnoll!
You closely miss the gnoll. The gnoll hits you with a +0 club.
The gnoll closely misses you.
You barely miss the gnoll. The gnoll barely misses you.
You hit the gnoll. The gnoll barely misses you.
You slash the gnoll!
You kill the gnoll!
You feel better. You block the gnoll's attack.
You hit the gnoll but do no damage. The gnoll closely misses you.
You slash the gnoll! The gnoll hits you with a +0 whip.
You closely miss the gnoll. The gnoll closely misses you.
The gnoll hits you with a +0 whip.
You hit the gnoll. The gnoll hits you but does no damage.
You barely miss the gnoll. The gnoll hits you with a +0 whip.
You are too injured to fight recklessly!
You are too injured to fight recklessly!
You are too injured to fight recklessly!
You are too injured to fight recklessly!
You are too injured to fight recklessly!
You are too injured to fight recklessly!
You are too injured to fight recklessly!
You are too injured to fight recklessly!
You are too injured to fight recklessly!
You are too injured to fight recklessly!
You are too injured to fight recklessly!
You are too injured to fight recklessly!
Cleave: a) +0 war axe
Aim: a gnoll, wielding a +0 whip (severely wounded, about 40% to evade your +0 war axe)
You hit the gnoll but do no damage. The gnoll hits you but does no damage.
Cleave: a) +0 war axe
Aim: a gnoll, wielding a +0 whip (severely wounded, about 40% to evade your +0 war axe)
You slash the gnoll!
You kill the gnoll!
You feel better.
Items here: )))) ††.
You see here 2 silver javelins.
Sigmund the Dreaded comes into view.
He is wielding a +0 scythe of flaming.
Sigmund gestures wildly while chanting.
Sigmund flickers and vanishes!
Deactivating autopickup; reactivate with Ctrl-A.
Okay, then.
You feel very mighty all of a sudden. Something hits you! Something burns you.
You closely miss something. Something hits you!
* * * LOW HITPOINT WARNING * * *
Something burns you.
* * * LOW HITPOINT WARNING * * *
You barely miss something. You block something's attack.
You slice something!! Something hits you but does no damage.
You closely miss something.
You hear some strange, mumbled words.
A magic dart appears from out of thin air!
The magic dart hits you.
* * * LOW HITPOINT WARNING * * *
You closely miss something. Something hits you.
* * * LOW HITPOINT WARNING * * *
Something burns you.
* * * LOW HITPOINT WARNING * * *
You closely miss something. Something hits you but does no damage.
You miss something. Something hits you.
You die...

###..................####
........................#
###.........###..#......#
....#.÷..####...)#......#
.##.#########.#.).......#
......###...#.#..>..#####
........#.#†#...#...#
....#.#.#.#...########## ##
....#.#...###.#.@{...... .#
..###.#########.######### #.##
#)†.#.# #..<..........#####....
..#.#.# #.###(..#..............
#.#.#.#####.###...#.#...####..#..
#.#.#.......#.....#.#.#####...#
..†...###.............# #....##
...............#.##.#####.#......
.......#.......#..........#######


There were no monsters in sight!

Vanquished Creatures
  3 adders (D:2)
  4 gnolls (D:2)
  A dart slug (D:1)
  8 bats
  2 endoplasms
  2 giant cockroaches (D:1)
  4 goblins
  5 hobgoblins
  8 kobolds
  4 quokkas
  3 ball pythons
  4 frilled lizards
48 creatures vanquished.

Notes
Turn   | Place    | Note
-------+----------+-------------------------------------------
     0 | D:1      | CryoSword the Ghoul Fighter began the quest for the Orb.
     0 | D:1      | Reached XP level 1. HP: 19/19 MP: 0/0
    48 | D:1      | Reached skill level 2 in Axes
    67 | D:1      | Reached XP level 2. HP: 25/26 MP: 1/1
   497 | D:1      | Reached skill level 3 in Axes
   629 | D:1      | Reached XP level 3. HP: 31/31 MP: 2/2
  1147 | D:2      | Reached XP level 4. HP: 38/38 MP: 3/3
  1211 | D:2      | Reached skill level 4 in Axes
  1456 | D:2      | Noticed Sigmund
  1467 | D:2      | Slain by Sigmund

Illustrated notes

Levels and vault maps discovered:
D:1:      dpeg_arrival_simpleton_a, layout_basic
D:2:      layout_basic, st_stairs_7, chequers_jeans, uniq_crazy_yiuf_cottage,
          uniq_sigmund

Skill      XL: |  1  2  3  4 |
---------------+-------------+-----
Axes           | 2 3 4 |  4.5
Fighting       | |  3.2
Armour         | |  2.6
Shields        | |  2.6

Action                   |  1- 3 |  4- 6 || total
-------------------------+-------+-------++-------
Melee: War axe           |   105 |    49 ||   154
  Use: Scroll            |     1 |       ||     1
       Potion            |       |     1 ||     1
Armor: Scale mail        |    73 |    29 ||   102
Dodge: Dodged            |    45 |    33 ||    78
Block: Buckler           |    35 |     7 ||    42

Table legend: (Time is in decaauts)
 A = Elapsed time spent in this place.
 B = Non-inter-level travel time spent in this place.
 C = Inter-level travel time spent in this place.
 D = Time resting spent in this place.
 E = Time spent auto-exploring this place.
 F = Levels seen in this place.
 G = Mean time per level.
                   A        B        C        D        E       F      G
               +--------+--------+--------+--------+--------+-----+--------+
         Total |   1523 |   1502 |     21 |      0 |   1145 |   2 |  761.5 |
       Dungeon |   1523 |   1502 |     21 |      0 |   1145 |   2 |  761.5 |
               +--------+--------+--------+--------+--------+-----+--------+

Top non-repeatable levels by time:
     D:1: 882 daAuts
     D:2: 641 daAuts
